 Dungeon Crawl Stone Soup version 0.31-a0-889-g1a8549509d (webtiles) character file.

Game seed: 11302492189075394264

2086 Ahpoh the Slasher (level 9, -3/74 HPs)
             Began as a Ghoul Fighter on Oct 16, 2023.
             Was a Follower of Okawaru.
             Slain by an orc warrior
             ... wielding a +0 glaive
              (11 damage)
             ... in a bailey.
             The game lasted 00:18:19 (7219 turns).

Ahpoh the Slasher (Ghoul Fighter)                   Turns: 7219, Time: 00:18:19

Health: -3/74      AC: 15    Str: 20    XL:     9   Next: 27%
Magic:  8/8        EV:  8    Int:  3    God:    Okawaru [*.....]
Gold:   430        SH:  5    Dex: 12    Spells: 8/8 levels left

rFire   . . .        a - +0 long sword
rCold   + . .        c - +0 buckler
rNeg    + + +        j - +0 chain mail
rPois   ∞            w - +0 helmet
rElec   .            p - +0 cloak
rCorr   .            v - +0 pair of gloves
SInv    .            n - +0 pair of boots
Will    .....        (no amulet) Stlth
                     (no ring)
HPRegen 0.00/turn    (no ring)
MPRegen 0.11/turn

%: no passive effects
@: inhibited regen
A: claws 1, cold resistance 1, negative energy resistance 3, inhibited
regeneration, torment resistance 2, devour on kill
a: Renounce Religion, Heroism


You were in a bailey.
You worshipped Okawaru.
Okawaru was aware of your devotion.
You visited 2 branches of the dungeon, and saw 8 of its levels.
You also visited: Bailey.

You collected 430 gold pieces.

Inventory:

Hand Weapons
 a - a +0 long sword (weapon)
 g - a +1 trident of freezing
Missiles
 r - 15 poisoned darts
 s - 4 boomerangs (quivered)
 x - 2 throwing nets
 z - 2 atropa-tipped darts
Armour
 c - a +0 buckler (worn)
 j - a +0 chain mail (worn)
 n - a +0 pair of boots (worn)
 p - a +0 cloak (worn)
 v - a +0 pair of gloves (worn)
 w - a +0 helmet (worn)
Scrolls
 d - a scroll of fear {unknown}
 e - 3 scrolls of teleportation {unknown}
 f - 2 scrolls of enchant armour {unknown}
 m - a scroll of noise
 o - 2 scrolls of amnesia {unknown}
 q - 2 scrolls of enchant weapon {unknown}
 t - 2 scrolls of vulnerability
 u - a scroll of immolation {unknown}
 y - a scroll of fog {unknown}
 A - a scroll of poison {unknown}
 B - a scroll of silence {unknown}
Potions
 b - a potion of haste {unknown}
 h - 2 potions of curing
 i - 2 potions of lignification {unknown}
 k - 2 potions of brilliance
 l - 2 potions of heal wounds {unknown}


   Skills:
 + Level 5.4 Fighting
 + Level 7.5 Long Blades
 + Level 0.1 Throwing
 + Level 6.4 Armour
 + Level 1.9 Dodging
 + Level 0.9 Stealth
 + Level 4.2 Shields
 + Level 0.5 Invocations


You had 8 spell levels left.
You didn't know any spells.
Your spell library contained the following spells:

 Spells                   Type           Power      Damage    Failure   Level
 Alistair's Intoxication  Tmut/Pois      0%         N/A       100%        5
 Borgnjor's Vile Clutch   Necr/Erth      0%         N/A       100%        5
 Eringya's Noxious Bog    Tmut/Pois      0%         4d6       100%        6
 Summon Small Mammal      Summ           Unusable   N/A       N/A         1
 Call Canine Familiar     Summ           Unusable   N/A       N/A         3
 Summon Guardian Golem    Hex/Summ       Unusable   N/A       N/A         3

Dungeon Overview and Level Annotations

Branches:
Dungeon (7/15)             Temple (1/1) D:5          Bailey (1/1)

Altars:
Ashenzari
Cheibriados
Fedhas
Gozag
Hepliaklqana
Kikubaaqudgha
Makhleb
Nemelex Xobeh
Okawaru
Qazlal
Ru
Sif Muna
Uskayaw
Vehumet
Wu Jian
Xom
Yredelemnul

Shops:
D:6 =:


Innate Abilities, Weirdness & Mutations

You are immune to poison.
You have sharp fingernails.
Your flesh is cold resistant. (rC+)
You are immune to negative energy. (rN+++)
You do not regenerate when monsters are visible.
You are immune to unholy pain and torment.
You thrive by killing the living.


Message History

The orc warrior is lightly wounded.
The orc warrior hits you but does no damage.
You closely miss the orc warrior.
The orc warrior is lightly wounded.
You block the orc warrior's attack.
You slash the orc warrior!
The orc warrior is heavily wounded.
The orc warrior barely misses you.
You hit the orc warrior.
The orc warrior is severely wounded.
The orc warrior hits you with a +0 glaive!
You hit the orc warrior but do no damage.
The orc warrior is severely wounded.
The orc warrior hits you with a +0 glaive.
You hit the orc warrior but do no damage.
The orc warrior is severely wounded.
The orc warrior hits you with a +0 glaive!
* * * LOW HITPOINT WARNING * * *
You barely miss the orc warrior.
The orc warrior is severely wounded.
The orc warrior hits you but does no damage.
You hit the orc warrior.
The orc warrior is almost dead.
The orc warrior hits you with a +0 glaive.
* * * LOW HITPOINT WARNING * * *
You barely miss the orc warrior.
The orc warrior is almost dead.
The orc warrior hits you with a +0 glaive.
* * * LOW HITPOINT WARNING * * *
You hit the orc warrior.
The orc warrior is almost dead.
The orc warrior closely misses you.
You closely miss the orc warrior.
The orc warrior is almost dead.
The orc warrior hits you with a +0 glaive!
* * * LOW HITPOINT WARNING * * *
You barely miss the orc warrior.
The orc warrior is almost dead.
The orc warrior hits you with a +0 glaive!
You die...

≈≈≈≈≈≈≈#....#≈≈≈≈.
≈≈≈....#....#.....
≈≈...............
♣..♣.♣.......♣♣.#
♣............♣.#
###............#
##..........##
#....o.....#
#♣.))@.∩..♣#
♣........♣
♣♣......♣♣
♣♣♣♣♣♣♣♣


You could see an orc warrior.

Vanquished Creatures
  Pikel (D:7)
  Grinder (D:4)
  A water moccasin (D:5)
  A sky beast (D:6)
  A black bear (D:5)
  A phantom (D:4)
  A kobold brigand (D:5)
  2 scorpions
  A howler monkey (D:5)
  A jelly (D:5)
  2 gnoll boudas
  3 hounds
  Crazy Yiuf (D:4)
  6 orc priests
  2 sleepcaps
  2 iguanas (D:5)
  12 gnolls
  10 adders
  A white imp (D:6)
  4 ufetubi
  A worm (D:2)
  A dart slug (D:2)
  18 orcs
  3 bats
  2 endoplasms (D:3)
  3 giant cockroaches
  5 hobgoblins
  8 jackals
  2 quokkas (D:3)
  6 ball pythons
  6 goblins
  9 kobolds
  6 rats
124 creatures vanquished.

Notes
Turn   | Place    | Note
-------+----------+-------------------------------------------
     0 | D:1      | Ahpoh the Ghoul Fighter began the quest for the Orb.
     0 | D:1      | Reached XP level 1. HP: 19/19 MP: 0/0
   433 | D:1      | Reached XP level 2. HP: 22/26 MP: 1/1
   835 | D:2      | You fall into a shaft and drop 2 floors!
   840 | D:4      | Noticed Grinder
   841 | D:4      | Paralysed by Grinder for 3 turns
   847 | D:3      | Reached skill level 2 in Long Blades
   953 | D:3      | Reached XP level 3. HP: 31/31 MP: 2/2
  1798 | D:2      | Reached XP level 4. HP: 20/39 MP: 3/3
  2043 | D:2      | Reached skill level 3 in Long Blades
  2821 | D:3      | Reached XP level 5. HP: 46/46 MP: 4/4
  3185 | D:4      | Reached XP level 6. HP: 37/52 MP: 5/5
  3260 | D:4      | Paralysed by Grinder for 2 turns
  3277 | D:4      | Paralysed by Grinder for 3 turns
  3298 | D:4      | Killed Grinder
  3299 | D:4      | Reached skill level 4 in Long Blades
  3299 | D:4      | Reached XP level 7. HP: 21/59 MP: 6/6
  3598 | D:4      | Found a runed translucent door.
  3599 | D:4      | Noticed Crazy Yiuf
  3607 | D:4      | Killed Crazy Yiuf
  3736 | D:4      | Found a stormy altar of Qazlal.
  4104 | D:5      | Entered Level 5 of the Dungeon
  4161 | D:5      | Reached skill level 5 in Long Blades
  4161 | D:5      | Reached skill level 5 in Armour
  4222 | D:5      | Found a staircase to the Ecumenical Temple.
  4231 | Temple   | Entered the Ecumenical Temple
  4268 | Temple   | Became a worshipper of Warmaster Okawaru
  4687 | D:6      | Reached skill level 1 in Dodging
  4699 | D:6      | Reached XP level 8. HP: 67/67 MP: 7/7
  4798 | D:5      | Found a snail-covered altar of Cheibriados.
  4973 | D:5      | Found a hide-covered altar of Uskayaw.
  5277 | D:5      | Reached skill level 6 in Long Blades
  5340 | D:6      | Reached skill level 5 in Fighting
  5613 | D:5      | Reached * piety under Okawaru
  5645 | D:6      | Found a shimmering altar of Xom.
  5718 | D:6      | Identified the +6 sling of Xahosi Fuge {flame, Will+ Str+5}
  5779 | D:6      | Found Xuimay's Book Boutique.
  5806 | D:6      | Found Ihilat's Jewellery Shoppe.
  5969 | D:5      | HP: 3/68 [gnoll bouda/+2 whip of distortion (4)]
  6749 | D:7      | Noticed Pikel
  6791 | D:7      | Killed Pikel
  6792 | D:7      | Reached skill level 7 in Long Blades
  6792 | D:7      | Reached XP level 9. HP: 31/74 MP: 5/8
  7064 | D:7      | Found a blossoming altar of Fedhas.
  7109 | D:7      | Found a flagged portal.
  7154 | Bailey   | Entered a bailey
  7219 | Bailey   | Slain by an orc warrior

Illustrated notes

Levels and vault maps discovered:
D:1:      roderic_chinese_lattice_arrival, layout_basic, due_unseen_surprise
D:2:      layout_loops_corners, grunt_decor_junction
D:3:      layout_basic
D:4:      layout_cave_pools, grunt_qazlal_sundering, uniq_grinder,
          uniq_crazy_yiuf_cottage
D:5:      layout_basic, mainiacjoe_overflow_tiny_flanked, amcnicky_altar_gilded,
          minmay_temple_entry_junction, patterned_corridor
D:6:      layout_basic, old_standard_altar, serial_shops,
          nicolae_shop_statue_plus, shop
D:7:      layout_layer_cave, grunt_dithmenos_smoke_and_mirrors, fedhas_altar_4,
          lemuel_coloured_pillars_altar, enter_bailey_2, uniq_pikel
Temple:   nicolae_temple_two_arcs
Bailey:   bailey_polearm_elven_captive_hellmonk, bailey

Skill      XL: |  1  2  3  4  5  6  7  8 |
---------------+-------------------------+-----
Long Blades    | 2 3 4 5 7 |  7.5
Armour         | 3 4 5 6 |  6.4
Shields        | 3 4 |  4.2
Fighting       | 4 5 |  5.4
Dodging        | 1 |  1.9
Throwing       | |  0.1
Stealth        | |  0.9
Invocations    | |  0.5

Action                     |  1- 3 |  4- 6 |  7- 9 || total
---------------------------+-------+-------+-------++-------
  Melee: Long sword        |   103 |   138 |   455 ||   696
  Throw: Throwing net      |       |     1 |     1 ||     2
         Boomerang         |       |       |     3 ||     3
 Invoke: Heroism           |       |       |     3 ||     3
    Use: Scroll            |       |       |     4 ||     4
         Potion            |       |       |     2 ||     2
   Stab: Held in net/web   |       |     1 |       ||     1
 Armour: Chain mail        |    90 |   105 |   432 ||   627
  Dodge: Dodged            |    37 |    50 |   192 ||   279
  Block: Buckler           |    24 |    46 |   108 ||   178

Table legend: (Time is in decaauts)
 A = Elapsed time spent in this place.
 B = Non-inter-level travel time spent in this place.
 C = Inter-level travel time spent in this place.
 D = Time resting spent in this place.
 E = Time spent auto-exploring this place.
 F = Levels seen in this place.
 G = Mean time per level.
                   A        B        C        D        E       F      G
               +--------+--------+--------+--------+--------+-----+--------+
         Total |   7374 |   7224 |    150 |    940 |   3987 |   9 |  819.3 |
       Dungeon |   7260 |   7115 |    145 |    940 |   3987 |   7 | 1037.1 |
        Temple |     47 |     42 |      5 |      0 |      0 |   1 |   47.0 |
        Bailey |     66 |     66 |      0 |      0 |      0 |   1 |   66.0 |
               +--------+--------+--------+--------+--------+-----+--------+

Top non-repeatable levels by time:
     D:5: 1556 daAuts
     D:3: 1309 daAuts
     D:4: 1212 daAuts
     D:2: 1047 daAuts
     D:6: 931 daAuts
     D:1: 794 daAuts
     D:7: 409 daAuts
  Bailey: 66 daAuts
  Temple: 47 daAuts
